 Dungeon Crawl Stone Soup version 0.17-a0-1979-g1c74939 (webtiles) character file.

4893 truemonolith the Basher (level 10, -2/76 HPs)
             Began as a Formicid Fighter on Oct 5, 2015.
             Was a Priest of Cheibriados.
             Slain by a red ugly thing (20 damage)
             ... on level 8 of the Dungeon.
             The game lasted 00:27:04 (8727 turns).

truemonolith the Basher (Formicid Fighter)          Turns: 8727, Time: 00:27:04

Health: -2/76      AC: 18    Str: 31    XL:     10   Next: 80%
Magic:  10/10      EV:  6    Int: 15    God:    Cheibriados [***...]
Gold:   447        SH: 11    Dex: 17    Spells: 0 memorised, 9 levels left

rFire  . . .     SeeInvis +     A - +0 dire flail
rCold  . . .     Clarity  .     i - +0 plate armour
rNeg   . . .     SustAt   .     b - +0 shield
rPois  .         Gourm    .     (helmet unavailable)
rElec  .         Spirit   .     h - +1 cloak
rCorr  .         Warding  .     v - +0 pair of gloves
rMut   .         Stasis   +     (no boots)
MR     +....                    (no amulet)
Stlth  ..........               (no ring)
                                (no ring)

@: very slow, somewhat resistant to hostile enchantments, extremely unstealthy
A: permanent stasis, dig shafts and tunnels, four strong arms, antennae 3
a: Dig, Shaft Self, Bend Time, Temporal Distortion, Renounce Religion


You were on level 8 of the Dungeon.
You worshipped Cheibriados.
Cheibriados was most pleased with you.
You were not hungry.

You visited 1 branch of the dungeon, and saw 8 of its levels.
You also visited: Ossuary.

You collected 447 gold pieces.

Inventory:

Hand Weapons
 d - a +0 dagger of chaos
 p - a +2 flail of holy wrath
 A - a +0 dire flail (weapon)
Armour
 b - a +0 shield (worn)
 h - a +1 cloak (worn)
 i - a +0 plate armour (worn)
 v - a +0 pair of gloves (worn)
Magical Staves
 u - an uncursed staff of poison {unknown}
Jewellery
 a - an uncursed ring of magical power
 r - an uncursed amulet of clarity
 y - an uncursed ring of magical power
Wands
 k - a wand of random effects (23)
 t - a wand of enslavement (17)
 w - a wand of draining (7)
Scrolls
 l - 9 scrolls of identify
 q - 4 scrolls of remove curse
Potions
 e - a potion of flight
 f - a potion of cure mutation
 g - a potion of magic
 m - a potion of curing
 z - a potion of brilliance
Books
 n - a book of Power

   Spells                             Type                      Level
   a - Fulminant Prism                Conjuration/Hexes            4
   b - Iskenderun's Mystic Blast      Conjuration                  4
   c - Venom Bolt                     Conjuration/Poison           5
   d - Bolt of Magma                  Conjuration/Fire/Earth       5
   e - Iron Shot                      Conjuration/Earth            6
   f - Orb of Destruction             Conjuration                  7
   g - Spellforged Servitor           Conjuration/Summoning        7
Comestibles
 c - a meat ration
 j - a fruit
 s - 8 bread rations


   Skills:
 - Level 6.1 Fighting
 - Level 11.4 Maces & Flails
 + Level 10.1 Armour
 - Level 3.6 Shields


You had 9 spell levels left.
You didn't know any spells.

Dungeon Overview and Level Annotations

Branches:
Dungeon (8/15)             Temple (0/1) D:7
   Lair: D:8-11

Altars:
Cheibriados
Kikubaaqudgha
Makhleb
Qazlal
Yredelemnul
The Shining One

Annotations:
D:8 DizzySkin's ghost, novice MiFi


Innate Abilities, Weirdness & Mutations

You are under a permanent stasis effect.
You can dig through walls and to a lower floor.
Your four strong arms can wield two-handed weapons with a shield.
You have a pair of large antennae on your head (SInv).


Message History

Drink which item? (? for menu, Esc to quit)
You feel better. You block the giant frog's attack.
The red ugly thing trunk-slaps you but does no damage.
You block the giant frog's attack.
You impale the giant frog!!
The giant frog is severely wounded.
The giant frog barely misses you. You block the giant frog's attack.
A shadow imp comes into view.
The shadow imp shouts!
The giant frog hits you.
* * * LOW HITPOINT WARNING * * *
You block the red ugly thing's attack.
The giant frog hits you but does no damage.
The shadow imp hits you but does no damage.
The red ugly thing trunk-slaps you but does no damage.
The red ugly thing trunk-slaps you.
* * * LOW HITPOINT WARNING * * *
You are engulfed in flames!!
You die...

#.# ## ... .#
#####.##.# ........#
#......# #......# #
#......#.# #......#.#..
###@.5..>...........
######u#.###.#........
........F..............
#########.###.#........
#####....###.#........
#..........#.#........
#..........#.#........
#.....................
#..........#.#........


You could see a red ugly thing, a giant frog and a shadow imp.

Vanquished Creatures
  Erica (D:8)
  Psyche (D:8)
  A spriggan (D:7)
  A hippogriff (D:7)
  A black bear (D:8)
  8 ogres
  5 orc warriors
  4 sky beasts
  2 centaurs
  An ice beast (D:6)
  A phantom (D:7)
  2 elf zombies (Ossuary)
  4 giant frogs
  A water moccasin skeleton (D:8)
  3 scorpions
  A wight (D:6)
  2 centaur zombies (Ossuary)
  A human zombie (Ossuary)
  2 crimson imps
  2 giant frog skeletons
  A giant frog zombie (D:7)
  A quasit (D:8)
  2 jellies
  2 hounds
  2 centaur skeletons
  An iguana (D:6)
  2 orc wizards (D:8)
  4 worker ants
  2 big kobold zombies (Ossuary)
  2 hound zombies (D:6)
  2 mummies (Ossuary)
  A hound skeleton (D:5)
  10 gnolls
  11 adders
  2 shadow imps
  3 adder skeletons
  3 adder zombies
  2 worms
  6 giant geckos
  14 orcs
  6 bats
  6 giant cockroaches
  5 hobgoblins
  4 jackals
  13 kobolds
  4 quokkas
  A ball python (D:1)
  A giant gecko skeleton (D:4)
  A giant gecko zombie (D:8)
  9 giant newts (D:1)
  8 goblins
  A goblin zombie (Ossuary)
  11 hobgoblin zombies (Ossuary)
  A jackal zombie (D:5)
  7 kobold zombies (Ossuary)
  8 orc zombies (Ossuary)
  7 rats
  A rat zombie (Ossuary)
211 creatures vanquished.

Notes
Turn   | Place    | Note
--------------------------------------------------------------
     0 | D:1      | truemonolith the Formicid Fighter began the quest for the Orb.
     0 | D:1      | Reached XP level 1. HP: 18/18 MP: 1/1
   221 | D:1      | Reached XP level 2. HP: 21/24 MP: 2/2
   670 | D:1      | Reached XP level 3. HP: 27/29 MP: 3/3
  1186 | D:2      | Reached skill level 4 in Maces & Flails
  1186 | D:2      | Reached XP level 4. HP: 21/35 MP: 4/4
  2178 | D:3      | Found a faded altar to an unknown god.
  2464 | D:4      | Reached skill level 5 in Maces & Flails
  2464 | D:4      | Reached XP level 5. HP: 26/41 MP: 5/5
  3033 | D:4      | Found a sand-covered staircase.
  3038 | Ossuary  | Entered an ossuary
  3511 | Ossuary  | Reached skill level 6 in Maces & Flails
  3511 | Ossuary  | Reached XP level 6. HP: 26/47 MP: 6/6
  3986 | Ossuary  | Reached XP level 7. HP: 42/52 MP: 7/7
  4249 | D:4      | Found an ancient bone altar of Kikubaaqudgha.
  4271 | D:4      | Noticed an ogre
  4279 | D:4      | Killed an ogre
  4279 | D:4      | Reached skill level 5 in Armour
  4428 | D:4      | Found a stormy altar of Qazlal.
  4531 | D:4      | Noticed an ogre
  4538 | D:4      | Killed an ogre
  4683 | D:4      | Reached XP level 8. HP: 53/58 MP: 8/8
  4748 | D:5      | Entered Level 5 of the Dungeon
  5049 | D:5      | Reached skill level 7 in Armour
  5154 | D:5      | Reached skill level 8 in Armour
  5562 | D:5      | Found a burning altar of Makhleb.
  5564 | D:5      | Found a snail-covered altar of Cheibriados.
  5567 | D:5      | Found a basalt altar of Yredelemnul.
  5569 | D:5      | Became a worshipper of Cheibriados the Contemplative
  5574 | D:5      | Found a glowing golden altar of the Shining One.
  5830 | D:6      | Reached skill level 5 in Fighting
  5945 | D:6      | Reached XP level 9. HP: 68/68 MP: 9/9
  6497 | D:6      | Acquired Cheibriados's first power
  7096 | D:7      | Reached skill level 9 in Maces & Flails
  7348 | D:7      | Found a staircase to the Ecumenical Temple.
  7381 | D:7      | Reached XP level 10. HP: 70/76 MP: 10/10
  7386 | D:7      | Reached skill level 10 in Maces & Flails
  8034 | D:8      | Reached skill level 11 in Maces & Flails
  8092 | D:8      | Noticed Psyche
  8103 | D:8      | Killed Psyche
  8276 | D:8      | Acquired Cheibriados's second power
  8479 | D:8      | Noticed Erica
  8517 | D:8      | Killed Erica
  8517 | D:8      | Reached skill level 10 in Armour
  8529 | D:8      | Noticed DizzySkin's ghost (novice MiFi)
  8709 | D:8      | Noticed a red ugly thing
  8727 | D:8      | Slain by a red ugly thing

Vault maps used:
D:1:      onia_arrival_mini_spirals, minmay_newt_pond
D:3:      ecumenical_altar_2
D:4:      nicolae_qazlal_general_emergency, overflow_temple_1_default,
          enter_ossuary_2, patterned_corridor
D:5:      minitemple, first_bread
D:6:      minmay_opposing_rooms, serial_corexii_hall, corexii_hall_statues_l,
          corexii_hall_statues_t
D:7:      minmay_temple_entry_poolview, the_bakery, grunt_decor_cap
D:8:      uniq_psyche, uniq_erica
Ossuary:  ossuary_tomb_1

Action                   |  1- 3 |  4- 6 |  7- 9 | 10-12 || total
-------------------------+-------+-------+-------+-------++-------
Melee: Flail             |   161 |   260 |   216 |       ||   637
       Dire flail        |       |       |   147 |   157 ||   304
  Use: Potion            |       |     9 |     6 |     2 ||    17
       Scroll            |       |     7 |     6 |     1 ||    14
  Eat: Chunk             |     1 |       |     3 |       ||     4
       Bread ration      |       |     2 |     2 |       ||     4
       Fruit             |       |     1 |     2 |       ||     3
       Pizza             |       |     1 |       |       ||     1
